 Dungeon Crawl Stone Soup version 0.28-a0-245-g639a1a48b9 (webtiles) character file.

Game seed: 8421678249660979272

616 robertstho the Magician (level 7, -3/47 HPs)
             Began as a Djinni Fire Elementalist on Aug 24, 2021.
             Was a Follower of Makhleb.
             Slain by a sky beast (6 damage)
             ... on level 5 of the Dungeon.
             The game lasted 00:08:30 (7894 turns).

robertstho the Magician (Djinni Fire Elementalist)  Turns: 7894, Time: 00:08:32

Health: -3/47      AC:  3    Str:  7    XL:     7   Next: 73%
Gold:   258        EV: 13    Int: 18    God:    Makhleb [*.....] SH:  0 Dex: 14

rFire   + + +      SeeInvis .   k - staff of fire
rCold   x . .      Faith    .   (no shield)
rNeg    . . .      Spirit   .   a - +0 robe
rPois   ∞          Reflect  .   (no helmet)
rElec   .          Harm     .   c - +0 cloak
rCorr   .          Rampage  .   (no gloves)
Will    .....                   (boots unavailable)
Stlth   ++........              (no amulet)
HPRegen 0.15/turn               (no ring)
MPRegen 0.00/turn               (no ring)

@: flying, very slightly contaminated
A: sickness immunity, fire resistance 2, cold vulnerability 1, float, innate
caster, hp casting, extra vitality 1
a: Renounce Religion


You were on level 5 of the Dungeon.
You worshipped Makhleb.
Makhleb was aware of your devotion.
You visited 1 branch of the dungeon, and saw 5 of its levels.

You collected 258 gold pieces.

Inventory:

Armour
 a - a +0 robe (worn)
 c - a +0 cloak (worn)
Magical Staves
 k - a staff of fire (weapon)
Jewellery
 q - a ring of ice
Wands
 r - a wand of iceblast (4)
Scrolls
 d - 6 scrolls of identify
 e - a scroll of enchant weapon {unknown}
 g - 3 scrolls of teleportation {unknown}
 h - a scroll of immolation {unknown}
 i - 2 scrolls of fear {unknown}
 m - a scroll of noise {unknown}
 n - 2 scrolls of enchant armour {unknown}
 o - a scroll of blinking {unknown}
 p - a scroll of holy word
Potions
 b - 3 potions of resistance
 f - a potion of lignification {unknown}
 j - a potion of cancellation {unknown}
 l - 2 potions of heal wounds {unknown}


   Skills:
 + Level 1.1 Fighting
 + Level 3.0 Dodging
 + Level 2.6 Stealth
 + Level 5.4 Spellcasting
 * Level 2.6 Invocations


You couldn't memorise any spells.
You knew the following spells:

 Your Spells              Type           Power      Damage    Failure   Level
a - Foxfire               Conj/Fire      100%       2x1d9     1%          1
b - Conjure Flame         Conj/Fire      36%        6-21      4%          3
c - Inner Flame           Hex/Fire       36%        N/A       4%          3
d - Sticky Flame          Conj/Fire      36%        2d6       14%         4
e - Fireball              Conj/Fire      18%        3d9       36%         5
f - Pain                  Necr           96%        1d8       1%          1
g - Static Discharge      Conj/Air       24%        N/A       1%          2
h - Stone Arrow           Conj/Erth      48%        3d10      4%          3
Your spell library was empty.

Dungeon Overview and Level Annotations

Branches:
Dungeon (5/15)
 Temple: D:4-7

Altars:
Makhleb
Nemelex Xobeh
Sif Muna

Shops:
D:2 (

Annotations:
D:3 3 runed translucent doors, Manisian's ghost, weakling FeTm; Thatotherguy's ghost, amateur OgHu; zdrol's ghost, amateur MiHu; zdrol's ghost, amateur MiMo


Innate Abilities, Weirdness & Mutations

You are immune to sickness and miasma.
You are immune to poison.
Your flesh is very heat resistant. (rF++)
You are vulnerable to cold. (rC-)
You float through the air rather than walking.
You learn spells naturally, not from books.
Your magical power is your life essence.
You have superior vitality. (+4 HP)


Message History

Confirm with . or Enter, or press ? or * to list all spells.
The spell is quite dangerous to cast (14% risk of failure)!
Continue anyway?
Aiming: Sticky Flame (quite dangerous; 14% risk of failure)
Press: ? - help, Shift-Dir - straight line, f - sky beast
Aim: a sky beast (rain, lightly wounded, ally target, 100% to hit)
You feel a surge of power!
You miscast Sticky Flame.
You are very lightly contaminated with residual magic.
You feel a strange surge of energy!
The foxfire hits the sky beast but does no damage.
The sky beast is lightly wounded.
The sky beast hits you. The sky beast shocks you.
Casting: Sticky Flame (quite dangerous; 14% risk of failure)
Confirm with . or Enter, or press ? or * to list all spells.
The spell is quite dangerous to cast (14% risk of failure)!
Continue anyway?
Aiming: Sticky Flame (quite dangerous; 14% risk of failure)
Press: ? - help, Shift-Dir - straight line, f/p - sky beast
Aim: a sky beast (lightly wounded, 100% to hit)
You feel a surge of power!
The sticky flame hits the sky beast!
The sky beast is moderately wounded.
The sky beast is covered in liquid flames!
* * * LOW HITPOINT WARNING * * *
The sky beast burns!
The sky beast completely misses you.
You hit the sky beast.
The sky beast is heavily wounded.
The sky beast burns!
The sky beast completely misses you.
You hit the sky beast but do no damage.
The sky beast is severely wounded.
The sky beast burns!
The sky beast stops burning.
The sky beast hits you.
* * * LOW HITPOINT WARNING * * *
The sky beast shocks you.
* * * LOW HITPOINT WARNING * * *
Unknown command.
You hit the sky beast.
The sky beast is severely wounded.
The sky beast flickers out of sight!
Deactivating autopickup; reactivate with Ctrl-A.
Something hits you but does no damage. Something hits you.
* * * LOW HITPOINT WARNING * * *
Something shocks you.
You die...

# ##########
###############
..........
#...†.........#
######..##
#.###########.#
#..## #.# #.# #
#####.(.. ####.##
#.#.#### #.....###
......# #@{....#
#........ ......#
#......# #....####
......#
#........#....'...
......#
#.#......#....###.
......#
#+#......+......#.
......#
.#.####........
......# ...#
#.......#. ......#
#####....#..##
.....#..
........+....


There were no monsters in sight!

Vanquished Creatures
  A kobold brigand (D:4)
  A water moccasin zombie (D:5)
  A jelly (D:5)
  A hound (D:4)
  A gnoll shaman (D:3)
  2 bullfrog skeletons (D:4)
  2 iguanas
  Ijyb (D:5)
  2 orc wizards
  A hound skeleton (D:5)
  4 gnolls
  7 adders
  A dart slug (D:1)
  A worm (D:2)
  8 orcs
  6 bats
  5 endoplasms
  6 giant cockroaches
  10 goblins
  7 hobgoblins
  4 jackals (D:4)
  3 quokkas
  A ball python (D:2)
  5 frilled lizards
  7 kobolds
  6 rats
94 creatures vanquished.

Vanquished Creatures (others)
  391 foxfires
391 creatures vanquished.

Grand Total: 485 creatures vanquished

Notes
Turn   | Place    | Note
-------+----------+-------------------------------------------
     0 | D:1      | robertstho the Djinni Fire Elementalist began the quest for
                  | the Orb.
     0 | D:1      | Reached XP level 1. HP: 15/15 MP: 0/0
   384 | D:1      | Reached XP level 2. HP: 18/21 MP: 0/0
   745 | D:1      | Reached skill level 3 in Spellcasting
   870 | D:1      | Reached XP level 3. HP: 24/25 MP: 0/0
   870 | D:1      | Learned a level 1 spell: Pain
  1794 | D:2      | Found Bujol's Weapon Shop.
  2616 | D:2      | Reached XP level 4. HP: 31/31 MP: 0/0
  2960 | D:3      | Found a burning altar of Makhleb.
  2970 | D:3      | Became a worshipper of Makhleb the Destroyer
  3119 | D:3      | Found a runed translucent gate.
  3119 | D:3      | Found a runed translucent gate.
  3119 | D:3      | Noticed Manisian's ghost (weakling FeTm)
  3119 | D:3      | Noticed Thatotherguy's ghost (amateur OgHu)
  3120 | D:3      | Found a runed translucent gate.
  3120 | D:3      | Noticed zdrol's ghost (amateur MiHu)
  3120 | D:3      | Noticed zdrol's ghost (amateur MiMo)
  3876 | D:4      | Reached XP level 5. HP: 34/35 MP: 0/0
  3876 | D:4      | Learned a level 2 spell: Static Discharge
  3940 | D:4      | Reached skill level 4 in Spellcasting
  4363 | D:3      | HP: 1/35 [/static electricity (3)]
  5113 | D:3      | Reached skill level 1 in Invocations
  5113 | D:3      | Reached XP level 6. HP: 37/40 MP: 0/0
  6002 | D:4      | Reached * piety under Makhleb
  6744 | D:5      | Entered Level 5 of the Dungeon
  6749 | D:5      | Reached XP level 7. HP: 42/46 MP: 0/0
  6749 | D:5      | Learned a level 3 spell: Stone Arrow
  6771 | D:4      | Reached skill level 5 in Spellcasting
  7661 | D:5      | Found a sparkling altar of Nemelex Xobeh.
  7707 | D:5      | Noticed Ijyb
  7714 | D:5      | Killed Ijyb
  7715 | D:5      | Reached skill level 1 in Fighting
  7894 | D:5      | Slain by a sky beast

Illustrated notes

Levels and vault maps discovered:
D:1:      elethiomel_arrival_maze, layout_basic
D:2:      layout_loops_corners, serial_shops, shop,
          ebering_dispersal_statue_hall, minmay_strange_pillars, eino_curves_02
D:3:      layout_loops_corners, nicolae_sif_muna_little_library,
          lemuel_crystal_altar, gammafunk_ghost_cemetery
D:4:      layout_basic, minmay_small_thing
D:5:      layout_basic, nemelex_diamond_rough_becter, lemuel_round_altar,
          uniq_ijyb

Skill      XL: |  1  2  3  4  5  6  7 |
---------------+----------------------+-----
Spellcasting   | 3 4 5 |  5.4
Stealth        | 2 |  2.6
Invocations    | 1 2 |  2.6
Fighting       | 1 |  1.1
Dodging        | 3 |  3.0

Action                   |  1- 3 |  4- 6 |  7- 9 || total
-------------------------+-------+-------+-------++-------
Melee: Unarmed           |     1 |       |       ||     1
       Staff             |       |    10 |     7 ||    17
 Cast: Foxfire           |    99 |   108 |    40 ||   247
       Static Discharge  |       |    11 |     1 ||    12
       Sticky Flame      |       |     2 |     2 ||     4
  Use: Potion            |       |     3 |       ||     3
       Scroll            |       |       |     1 ||     1
Armor: Robe              |     1 |    10 |     7 ||    18
Dodge: Dodged            |     6 |    29 |    21 ||    56

Table legend: (Time is in decaauts)
 A = Elapsed time spent in this place.
 B = Non-inter-level travel time spent in this place.
 C = Inter-level travel time spent in this place.
 D = Time resting spent in this place.
 E = Time spent auto-exploring this place.
 F = Levels seen in this place.
 G = Mean time per level.
                   A        B        C        D        E       F      G
               +--------+--------+--------+--------+--------+-----+--------+
         Total |   7880 |   7655 |    225 |    852 |   6019 |   5 | 1576.0 |
       Dungeon |   7880 |   7655 |    225 |    852 |   6019 |   5 | 1576.0 |
               +--------+--------+--------+--------+--------+-----+--------+

Top non-repeatable levels by time:
     D:4: 2229 daAuts
     D:2: 1630 daAuts
     D:3: 1604 daAuts
     D:1: 1402 daAuts
     D:5: 1014 daAuts
